 Seeded DCSS version 0.26.1-11-gd32895ea62 (webtiles) character file.

Game seed: 6489288863823746731 (custom seed)

459 Zeld the Digger (level 7, -9/40 HPs)
             Began as a Gargoyle Earth Elementalist on June 11, 2021.
             Killed from afar by an orc wizard (14 damage)
             ... with a puff of frost
             ... on level 7 of the Dungeon.
             The game lasted 00:06:16 (4682 turns).

Zeld the Digger (Gargoyle Earth Elementalist)       Turns: 4682, Time: 00:06:17

Health: -9/40      AC:  6    Str: 12    XL:     7   Next: 6%
Magic:  5/11       EV: 12    Int: 17    God:
Gold:   200        SH:  0    Dex: 10    Spells: 2/12 levels left

rFire    . . .     SeeInvis .   (no weapon)
rCold    . . .     Faith    .   (no shield)
rNeg     + . .     Spirit   .   c - +0 robe
rPois    ∞         Reflect  .   (no helmet)
rElec    +         Harm     .   (no cloak)
rCorr    .         Rampage  .   (no gloves)
Will     .....                  (no boots)
Stlth    ++........             (no amulet)
HPRegen  0.13/turn              (no ring)
MPRegen  0.12/turn              (no ring)

@: no status effects
A: negative energy resistance 1, electricity resistance, unbreathing,
petrification resistance, miasma immunity, AC +4
a: no special abilities


You were on level 7 of the Dungeon.
You visited 1 branch of the dungeon, and saw 7 of its levels.

You collected 200 gold pieces.

Inventory:

Missiles
 b - 54 stones (quivered)
Armour
 c - a +0 robe (worn)
Wands
 k - a wand of paralysis (6)
 l - a wand of flame (15)
Scrolls
 d - a scroll of magic mapping {unknown}
 e - 2 scrolls of fog {unknown}
 f - a scroll of random uselessness {unknown}
 g - 3 scrolls of identify {unknown}
 h - 3 scrolls of teleportation {unknown}
 i - 2 scrolls of enchant weapon {unknown}
 j - a scroll of noise {unknown}
 m - 2 scrolls of enchant armour {unknown}
 o - a scroll of fear {unknown}
 p - a scroll of remove curse {unknown}
 q - a scroll of silence {unknown}
 r - a scroll of immolation {unknown}
Potions
 a - a potion of curing {unknown}
 n - a potion of heal wounds {unknown}
 s - a potion of resistance {unknown}


   Skills:
 + Level 2.8 Fighting
 + Level 2.7 Dodging
 - Level 3.0 Stealth
 + Level 3.2 Spellcasting
 + Level 2.0 Conjurations
 - Level 1.0 Transmutations
 * Level 6.2 Earth Magic


You had 2 spell levels left.
You knew the following spells:

 Your Spells              Type           Power        Failure   Level
a - Sandblast             Erth           46%          1%          1
b - Passwall              Tmut/Erth      12%          6%          2
c - Stone Arrow           Conj/Erth      32%          10%         3
d - Petrify               Tmut/Erth      15%          36%         4

Your spell library contained the following spells:

 Spells                   Type           Power        Failure   Level
 Lee's Rapid Deconstruct  Erth           11%          36%         5


Dungeon Overview and Level Annotations

Branches:
Dungeon (7/15)
 Temple: D:4-7

Altars:
Ashenzari
Kikubaaqudgha
Trog
The Shining One

Annotations:
D:4 Pikel
D:7 1 transporter


Innate Abilities, Weirdness & Mutations

You are resistant to torment.
Your stone body is resilient. (AC +4)
You are immune to poison.
You resist negative energy. (rN+)
You are resistant to electric shocks. (rElec)
You can survive without breathing.
You are immune to petrification.
You are immune to miasma.


Message History

Casting: Passwall (safe; 6% risk of failure)
Confirm with . or Enter, or press ? or * to list all spells.
Aiming: Passwall (safe; 6% risk of failure)
Press: ? - help, Dir - move target A rock wall.
The orc shouts! x2
The ice beast hits you but does no damage.
The phantom blinks!
The orc moves out of view.
The phantom moves out of view.
You begin to meditate on the wall.
You continue meditating on the rock.
The ice beast misses you.
The orc priest miscasts a cantrip.
The orc hits you with a +0 hand axe.
* * * LOW HITPOINT WARNING * * *
The orc wizard gestures wildly while chanting.
The orc wizard seems to speed up.
You continue meditating on the rock.
The ice beast hits you but does no damage.
The orc wizard points at you and mumbles some strange words.
The puff of frost hits you!
You die...

#.......o..# .#.. .## # }
#..........# ... #.# .+
#...###....# #.###.##.# #..
#....##.##.......?# # #.
#....o##...#####..### #
##..#..#####...####..
#...#...............
#..oY.........###### ######
##.@o..o......# #
##....############....#
##.......## ##...# #........)#
##..# #....#....## #..#
####...###....# ##..##
#...†..#y#._..# ####....##
#.##...###....######h......(####
#.##....#...)##.hFhoh...........


You could see an ice beast, an orc priest, an orc wizard (fast) and 2 orcs.

Vanquished Creatures
  A phantom (D:5)
  A centaur zombie (D:5)
  A bullfrog zombie (D:6)
  A hound (D:5)
  2 orc priests
  An orc wizard (D:7)
  A worker ant (D:5)
  3 adders
  5 gnolls
  4 worms
  2 dart slugs (D:1)
  7 leopard geckos
  6 orcs
  8 bats
  A giant cockroach (D:6)
  2 goblins
  7 hobgoblins
  6 jackals
  7 kobolds (D:1)
  2 quokkas
  2 frilled lizards
  A leopard gecko skeleton (D:2)
  3 rats
74 creatures vanquished.

Notes
Turn   | Place    | Note
-------+----------+-------------------------------------------
     0 | D:1      | Zeld the Gargoyle Earth Elementalist began the quest for
                  | the Orb.
     0 | D:1      | Reached XP level 1. HP: 10/10 MP: 3/3
   203 | D:1      | Reached XP level 2. HP: 16/16 MP: 1/5
   206 | D:1      | Learned a level 2 spell: Passwall
   252 | D:1      | Reached skill level 1 in Transmutations
   363 | D:1      | Reached skill level 4 in Earth Magic
   595 | D:1      | Reached XP level 3. HP: 20/20 MP: 2/6
   599 | D:1      | Learned a level 3 spell: Stone Arrow
   683 | D:1      | Reached skill level 1 in Fighting
  1359 | D:2      | Reached XP level 4. HP: 25/25 MP: 2/7
  2153 | D:4      | Reached XP level 5. HP: 30/30 MP: 6/8
  2213 | D:4      | Found a broken altar of Ashenzari.
  2216 | D:4      | Found an ancient bone altar of Kikubaaqudgha.
  2216 | D:4      | Found a glowing golden altar of the Shining One.
  2216 | D:4      | Noticed Pikel
  2216 | D:4      | Noticed a lemure
  2216 | D:4      | Noticed a lemure
  2216 | D:4      | Noticed a lemure
  2216 | D:4      | Noticed a lemure
  2245 | D:5      | Entered Level 5 of the Dungeon
  2604 | D:5      | Reached skill level 5 in Earth Magic
  2903 | D:5      | Noticed a phantom
  2928 | D:5      | Killed a phantom
  2929 | D:5      | Reached skill level 1 in Conjurations
  2929 | D:5      | Reached XP level 6. HP: 25/35 MP: 2/10
  2934 | D:5      | Learned a level 4 spell: Petrify
  3387 | D:6      | Reached skill level 6 in Earth Magic
  3653 | D:7      | Noticed a moth of wrath
  3657 | D:7      | Found a bloodstained altar of Trog.
  3865 | D:7      | Noticed a sky beast
  4314 | D:7      | Reached XP level 7. HP: 16/40 MP: 3/11
  4633 | D:7      | Found a transporter.
  4682 | D:7      | Killed from afar by an orc wizard

Illustrated notes

Levels and vault maps discovered:
D:1:      lightli_iron_boxes, layout_loops_corners, minmay_tromino_v4_a
D:2:      minmay_wonky_spiral, layout_rooms,
          chequers_ecumenical_altar_simple_redux, uniq_crazy_yiuf_cottage
D:3:      kennysheep_big_flooded_room, layout_basic
D:4:      layout_basic, grunt_temple_overflow_open, uniq_duvessa, uniq_pikel
D:5:      lemuel_ratsnest, layout_basic
D:6:      layout_loops_corners, serial_shops, nicolae_shop_statue_plus,
          fedhas_ov_isle_minmay
D:7:      gammafunk_the_bubble [the_bubble_gammafunk_crates], layout_layer_cave,
          minmay_temple_entry_ruins, tgw_trog

Skill      XL: |  1  2  3  4  5  6 |
---------------+-------------------+-----
Transmutations | 1 |  1.0
Earth Magic    | 4 5 6 |  6.2
Fighting       | 1 2 |  2.8
Dodging        | 2 |  2.7
Stealth        | 3 |  3.0
Conjurations   | 1 2 |  2.0
Spellcasting   | 3 |  3.2

Action                   |  1- 3 |  4- 6 |  7- 9 || total
-------------------------+-------+-------+-------++-------
Melee: Unarmed           |     7 |     2 |       ||     9
 Cast: Sandblast         |    54 |    84 |     4 ||   142
       Passwall          |       |     3 |     3 ||     6
Armor: Robe              |    11 |    24 |     8 ||    43
Dodge: Dodged            |    31 |    34 |    17 ||    82
